Map: Lost and Found LE

Players

TIME (Oliveira) - Winner!

  • Race: Terran Terran
  • Spawn Location: 1:00

StevenBonnel (PtitDrogo)

  • Race: Protoss Protoss
  • League: Master
  • Spawn Location: 7:00

Event: WCS Montreal 2018

VOD

Have the link to the VOD?

Description

Time

  • Played on: Sept. 7, 2018, 3:49 p.m.
  • Length: 11:19

All games in this series

Show
View Real Time Build Order
Export as new Build Order

TIME Terran - Winner!

Build Orders: Cyclone Opening, Reaper Expand, MMM Bio 

Get SALT Encoding   

  12  0:00  SCV  
  13  0:13  SCV  
  14  0:17  Supply Depot  
  14  0:25  SCV  
  15  0:38  SCV  
  15  0:41  Barracks  
  16  0:44  Refinery  
  16  0:50  SCV  
  17  1:02  SCV  
  18  1:15  SCV  
  19  1:28  Reaper, Orbital Command  
  20  1:38  Command Center  
  20  1:51  Supply Depot  
  20  1:53  SCV  
  21  2:00  Marine  
  22  2:05  SCV  
  22  2:08  Factory  
  23  2:11  Refinery  
  23  2:18  SCV  
  23  2:19  Marine  
  25  2:28  Bunker  
  25  2:30  SCV  
  25  2:37  Marine  
  26  2:41  Bunker  
  26  2:44  SCV  
  27  2:47  Command Center  
  25  2:52  Cyclone  
  25  2:54  Marine  
  28  3:08  SCV  
  27  3:15  Starport  
  27  3:21  SCV  
  27  3:24  Barracks Tech Lab  
  28  3:29  Widow Mine  
  28  3:33  SCV  
  31  3:59  SCV, Orbital Command  
  31  4:01  Banshee  
  35  4:04  Barracks Reactor  
  35  4:05  Factory Tech Lab  
  35  4:11  SCV  
  36  4:23  SCV  
  37  4:25  Siege Tank  
  37  4:31  SCV  
  37  4:35  SCV  
  37  4:36  Orbital Command  
  39  4:40  Barracks  
  39  4:41  Marine x2  
  39  4:44  Supply Depot  
  41  4:47  SCV  
  41  4:48  Barracks  
  42  4:53  Engineering Bay  
  42  4:57  Siege Tank  
  42  4:58  Marine  
  46  5:06  SCV x2, Marine  
  49  5:07  Starport Tech Lab  
  49  5:09  Bunker  
  49  5:16  Marine  
  49  5:18  SCV  
  49  5:19  SCV  
  52  5:30  SCV  
  52  5:32  SCV  
  52  5:34  Terran Infantry Weapons Level 1  
  54  5:36  Refinery  
  54  5:38  Supply Depot  
  54  5:39  Stimpack  
  54  5:40  Combat Shields  
  54  5:50  Factory Reactor  
  54  5:57  Supply Depot  
  54  5:58  Starport Reactor  
  54  5:59  SCV x2, Marine x2  
  54  6:00  Marauder x2  
  62  6:07  Supply Depot  
  62  6:18  SCV x2, Marine x2  
  62  6:21  Marauder  
  62  6:22  Marauder  
  70  6:30  SCV  
  70  6:31  Widow Mine  
  70  6:32  SCV, Widow Mine  
  73  6:33  Supply Depot  
  73  6:38  Medivac x2  
  73  6:39  Command Center, Marine  
  78  6:46  Supply Depot  
  78  6:54  SCV x2, Marine x3  
  78  6:55  Widow Mine  
  78  6:57  Supply Depot  
  85  7:03  Concussive Shells  
  85  7:06  SCV  
  85  7:08  SCV, Widow Mine, Marine  
  89  7:10  Supply Depot  
  89  7:12  Marauder x2  
  93  7:16  Medivac  
  93  7:19  Widow Mine  
  93  7:20  SCV  
  93  7:21  Marine  
  96  7:26  Marine  
  96  7:29  Medivac  
  96  7:33  Marine  
  96  7:34  Marauder  
  97  7:39  Marine  
  97  7:42  Widow Mine x2  
  101  7:44  Marine  
  101  7:45  SCV  
  93  7:51  Marauder  
  93  7:55  Marauder  
  93  7:57  SCV  
  89  8:00  Marine  
  89  8:02  Marine  
  89  8:03  Orbital Command  
  88  8:07  Barracks x2  
  88  8:09  Widow Mine  
  88  8:10  Widow Mine  
  88  8:11  SCV  
  93  8:13  Marauder, SCV  
  93  8:15  Refinery  
  96  8:22  Marine x2  
  96  8:23  Marauder, SCV  
  96  8:25  Liberator  
  94  8:31  Liberator, Orbital Command  
  94  8:34  Marine  
  89  8:39  Widow Mine  
  89  8:40  Marine x2  
  91  8:44  Marauder  
  91  8:48  Widow Mine  
  98  8:52  Marine  
  98  8:55  Barracks Reactor, Barracks Tech Lab  
  99  9:01  Marine  
  93  9:03  SCV  
  93  9:05  Marauder, SCV x2  
  98  9:10  Marauder, Terran Infantry Armor Level 1  
  98  9:12  Liberator, Marine  
  98  9:17  Marine  
  101  9:18  Supply Depot  
  101  9:19  Marine  
  101  9:20  SCV x2  
  103  9:27  Marauder  
  103  9:29  Widow Mine x2  
  103  9:30  SCV  
  109  9:32  SCV  
  107  9:45  Marine  
  101  9:46  Marauder  
  101  9:50  Widow Mine x2  
  103  9:53  Medivac, Marine x2  
  103  9:54  Marauder, SCV x2  
  103  9:57  Ghost Academy, Refinery x2  
  103  9:58  SCV, Marine x2  
  114  10:03  Marine  
  114  10:06  SCV  
  116  10:10  SCV, Command Center, Supply Depot  
  116  10:11  SCV  
  116  10:13  Marauder, Marine, Supply Depot  
  121  10:15  Widow Mine x2  
  121  10:17  Medivac  
  121  10:20  Marauder x2, Marine x2  
  133  10:26  SCV x2  
  128  10:31  Marine x2  
  128  10:33  Medivac  
  127  10:36  Widow Mine x2  
  127  10:37  Marine  
  127  10:39  Supply Depot  
  127  10:40  Marine  
  130  10:45  Ghost x3  
  130  10:48  SCV x3  
  130  10:49  Marine  
  134  10:58  Marine x3  
  134  11:02  Armory, Supply Depot  
  134  11:03  Engineering Bay  
  134  11:04  SCV  
Show
View Real Time Build Order
Export as new Build Order

StevenBonnel Protoss 

Build Orders: Chargelot Immortal 

Get SALT Encoding   

  12  0:00  Probe  
  13  0:13  Probe  
  14  0:16  Pylon  
  14  0:25  Probe  
  15  0:34  Probe  
  15  0:38  Gateway  
  16  0:43  Probe  
  16  0:48  Assimilator  
  17  0:51  Probe  
  18  0:57  Pylon  
  18  1:03  Probe  
  19  1:16  Gateway, Probe  
  20  1:25  Cybernetics Core  
  20  1:29  Zealot  
  22  1:33  Probe  
  22  1:38  Assimilator  
  23  1:45  Probe  
  24  1:52  Stalker  
  24  1:55  Pylon, Stalker  
  24  2:07  Probe  
  29  2:11  Warp Gate  
  29  2:19  Probe  
  30  2:23  Stalker  
  32  2:45  Stalker  
  34  2:59  Stalker  
  34  3:14  Nexus, Probe  
  34  3:16  Adept  
  37  3:24  Twilight Council  
  37  3:28  Probe  
  38  3:40  Robotics Facility, Probe  
  39  3:50  Pylon  
  39  3:56  Gateway  
  37  4:03  Probe  
  38  4:11  Probe  
  38  4:12  Shield Battery  
  39  4:19  Probe  
  39  4:20  Stalker, Blink  
  41  4:29  Probe  
  41  4:30  Probe, Observer  
  43  4:37  Probe  
  44  4:38  Probe  
  44  4:43  Pylon  
  44  4:45  Probe  
  46  4:49  Probe  
  48  4:54  Observer  
  48  4:57  Probe  
  50  5:01  Probe  
  51  5:07  Stalker x3  
  51  5:09  Probe  
  58  5:15  Probe  
  59  5:28  Probe  
  60  5:30  Nexus  
  60  5:39  Probe  
  60  5:41  Pylon  
  61  5:48  Forge  
  61  5:49  Forge  
  61  5:52  Probe x2  
  61  5:53  Assimilator  
  61  5:55  Sentry  
  65  5:58  Immortal  
  69  6:04  Probe x2  
  71  6:12  Stalker x2  
  71  6:16  Probe x2  
  77  6:21  Gateway  
  77  6:28  Protoss Ground Weapons Level 1  
  75  6:37  Protoss Ground Armor Level 1  
  75  6:39  Gateway  
  75  6:40  Gateway  
  75  6:42  Gateway, Probe  
  75  6:43  Charge  
  76  6:49  Gateway  
  76  6:50  Gateway  
  76  6:52  Stalker  
  78  6:58  Pylon  
  78  7:00  Pylon  
  78  7:06  Stalker  
  80  7:11  Pylon  
  80  7:22  Stalker x2  
  80  7:38  Zealot  
  80  7:39  Stalker, Zealot x2  
  86  7:45  Stalker  
  62  7:59  Stalker x2  
  62  8:02  Zealot x4  
  62  8:04  Immortal  
  67  8:18  Stalker  
  69  8:24  Zealot x5  
  71  8:29  Zealot  
  71  8:30  Protoss Ground Weapons Level 2  
  55  8:41  Stalker  
  55  8:44  Immortal  
  55  8:45  Zealot x2  
  55  8:47  Protoss Ground Armor Level 2, Observer  
  65  8:49  Zealot  
  65  8:54  Zealot x2  
  65  8:55  Zealot  
  63  9:03  Pylon  
  63  9:11  Sentry, Zealot x2  
  63  9:15  Probe x2  
  71  9:17  Zealot  
  73  9:29  Stalker x2  
  73  9:30  Zealot  
  73  9:36  Zealot x3  
  75  9:40  Zealot  
  69  9:51  Zealot  
  69  9:52  Immortal  
  67  9:58  Sentry  
  67  9:59  Zealot x3  
  75  10:06  Stalker x2  
  79  10:16  Stalker  
  79  10:19  Stalker  
  82  10:23  Stalker  
  74  10:30  Zealot x2  
  74  10:33  Zealot  
  64  10:39  Probe x2  
  66  10:43  Zealot  
  68  10:50  Probe  
  68  10:51  Probe x2  
  68  10:56  Zealot x3  
  77  11:04  Zealot x3  
  82  11:14  Stalker  
  82  11:16  Zealot  
Tags
 
Add a new tag
Caveats
  • Supply blocks, unpowered buildings, or Contaminate may cause inaccurate times.
  • Supply counts are checked every 10 seconds.